AoeStats
← El Messias

Black Forest

510040769Analyzed
3v3 RM · 4d ago on Sep 29, 2026· 62m 34s· 6 players
Game mode
Random Map
Map size
Normal (6 player)
Population
200
Speed
Normal
Resources
Standard
Victory
Conquest
Starting age
Dark Age
Ending age
Imperial Age
RankedLock teamsTeams togetherTeam positionsShared explorationLock speedFull tech treeHidden civsTurbo modeCheats
Victory
Defeat
🇭🇺 Britons · Hungary
758
+5
🇹🇼 Teutons · Taiwan
629
+9
🇧🇴 Turks · Bolivia
402
+17
🇺🇸 Inca · United States
513
-13
🇺🇸 Romans · United States
455
-10
🇺🇸 Koreans · United States
399
-8
Enormusz
10:43 Feudal Age
11:54 Fishing Lines
12:08 Horse Collar
12:36 Loom
15:47 Double-Bit Axe
19:16 Castle Age
20:53 Gillnets
20:41 Crossbowman
23:21 Heavy Plow
32:35 Pikeman
33:16 Squires
33:01 Arson
38:38 Imperial Age
36:47 Wheelbarrow
36:01 Town Watch
37:57 Caravan
38:28 Coinage
38:36 Gold Mining
38:37 Stone Mining
39:41 Conscription
38:54 Arbalester
40:18 Bow Saw
40:34 Hand Cart
40:24 Town Patrol
41:06 Fletching
41:16 Padded Archer Armor
41:28 Forging
41:18 Scale Mail Armor
41:17 Halberdier
42:06 Elite Longbowman
42:51 Bodkin Arrow
43:12 Leather Archer Armor
43:32 Iron Casting
43:13 Chain Mail Armor
44:28 Yeomen
45:14 Bracer
45:45 Ring Archer Armor
45:37 Ballistics
46:19 Chemistry
45:19 Murder Holes
49:54 Warwolf
53:10 Banking
52:50 Guilds
54:10 Blast Furnace
53:40 Plate Mail Armor
9830099
2:13 Loom
12:26 Feudal Age
12:55 Double-Bit Axe
13:16 Town Watch
14:06 Wheelbarrow
15:55 Horse Collar
18:32 Gold Mining
24:38 Castle Age
22:58 Stone Mining
23:02 Fletching
25:42 Hand Cart
25:32 Heavy Plow
26:38 Bodkin Arrow
27:56 Crossbowman
32:05 Bow Saw
31:55 Guard Tower
32:25 Ballistics
35:31 Caravan
35:49 Padded Archer Armor
40:43 Imperial Age
40:30 Leather Archer Armor
40:54 Town Patrol
41:58 Guilds
44:28 Keep
44:58 Chemistry
45:22 Two-Man Saw
45:10 Arrowslits
46:16 Ring Archer Armor
46:21 Crop Rotation
48:18 Stone Shaft Mining
49:40 Siege Engineers
57:19 Elite Teutonic Knight
58:21 Crenellations
61:29 Forging
61:20 Scale Mail Armor
61:25 Scale Barding Armor
El Messias
0:28 Loom
15:40 Feudal Age
16:13 Double-Bit Axe
24:28 Gold Mining
31:39 Castle Age
29:35 Stone Mining
30:56 Scale Barding Armor
31:02 Arson
34:46 Gold Shaft Mining
34:17 Caravan
35:40 Sipahi
36:15 Padded Archer Armor
36:06 Fletching
38:30 Wheelbarrow
38:28 Bow Saw
38:43 Leather Archer Armor
38:24 Bodkin Arrow
44:41 Chain Barding Armor
44:32 Forging
44:57 Horse Collar
48:40 Imperial Age
46:26 Hand Cart
48:51 Iron Casting
48:17 Scale Mail Armor
49:42 Bloodlines
49:33 Husbandry
48:54 Heavy Camel Rider
50:16 Plate Barding Armor
50:31 Parthian Tactics
50:28 Fortified Wall
50:40 Ballistics
50:45 Heavy Plow
51:31 Treadmill Crane
51:47 Murder Holes
52:03 Masonry
51:45 Guard Tower
52:23 Artillery
52:45 Conscription
54:41 Two-Man Saw
53:18 Elite Janissary
53:44 Sappers
55:32 Blast Furnace
55:03 Town Watch
59:45 Keep
59:41 Architecture
58:59 Arrowslits
59:39 Chain Mail Armor
59:54 Ring Archer Armor
59:25 Bracer
60:56 Bombard Tower
60:28 Heated Shot
TenderCrust5
3:17 Loom
11:36 Feudal Age
12:02 Double-Bit Axe
20:58 Castle Age
22:02 Fletching
21:35 Crossbowman
22:41 Horse Collar
25:32 Stone Mining
25:33 Gold Mining
29:14 Bodkin Arrow
29:29 Thumb Ring
39:55 Imperial Age
38:49 Scale Mail Armor
39:01 Forging
39:56 Ballistics
41:27 Fortified Wall
42:21 Chemistry
41:08 Arrowslits
41:23 Murder Holes
42:46 Elite Fire Lancer
45:56 Arbalester
57:42 Gold Shaft Mining
57:44 Stone Shaft Mining
Jarvis
2:54 Loom
15:46 Feudal Age
16:26 Double-Bit Axe
16:24 Horse Collar
18:46 Wheelbarrow
18:52 Wheelbarrow
20:39 Forging
20:29 Scale Mail Armor
23:28 Scale Barding Armor
26:36 Fletching
28:09 Bloodlines
32:02 Castle Age
31:41 Padded Archer Armor
32:59 Heavy Plow
33:11 Bow Saw
33:27 Fervor
37:05 Hand Cart
38:45 Squires
44:26 Caravan
44:21 Pikeman
48:01 Ballistas
48:23 Husbandry
50:39 Elite Skirmisher
51:29 Bodkin Arrow
52:09 Iron Casting
52:47 Chain Barding Armor
54:13 Man-at-Arms
55:40 Chain Mail Armor
Biscuit
0:45 Loom
14:46 Feudal Age
19:20 Town Watch
20:11 Wheelbarrow
20:01 Forging
20:47 Horse Collar
20:53 Double-Bit Axe
20:59 Gold Mining
21:00 Stone Mining
25:38 Castle Age
25:29 Champi Runner
25:55 Arson
30:05 Squires
29:26 Champi Warrior
29:43 Elite Skirmisher
30:36 Thumb Ring
42:54 Imperial Age
41:01 Heavy Plow
41:11 Bow Saw
42:06 Fletching
42:17 Padded Archer Armor
42:17 Scale Mail Armor
42:53 Iron Casting
43:26 Elite Champi Warrior
44:30 Conscription
44:22 Andean Sling
46:07 Redemption
48:47 Gold Shaft Mining
55:53 Onager
Connection lost

Rejoining the realm…

Still unreachable

The connection could not be restored.

Session expired

The server has moved on; the page needs a fresh start.